 Dungeon Crawl Stone Soup version 0.29-a0-506-ga2e7fffb44 (webtiles) character file.

Game seed: 7440269517287476070

14513 quokkamancerX the Archer (level 11, -8/90 HPs)
             Began as a Demonspawn Hunter on May 29, 2022.
             Was a Believer of Ashenzari.
             Killed from afar by an efreet (20 damage)
             ... with a fireball
             ... on level 11 of the Dungeon.
             The game lasted 01:04:19 (12805 turns).

quokkamancerX the Archer (Demonspawn Hunter)       Turns: 12805, Time: 01:04:19

Health: -8/90      AC: 13    Str: 16    XL:     11   Next: 89%
Magic:  11/11      EV: 23    Int: 15    God:    Ashenzari [**....]
Gold:   583        SH:  0    Dex: 30    Spells: 10/10 levels left

rFire   . . .      SeeInvis +   a - +3 longbow (vorpal)
rCold   . . .      Faith    .   (shield currently unavailable)
rNeg    . . .      Spirit   .   D - +4 robe of Augmentation {Str+4 Int+4 Dex+4, Evo, Elem} (curse)
rPois   .          Reflect  .   (no helmet)
rElec   .          Harm     .   i - +2 cloak
rCorr   .          Rampage  .   B - +0 pair of gloves of the Pangnostic Shame {Fort, Bglg} (curse)
Will    .....                   k - +0 pair of boots of Ashenzari's Suspicion {Cun, Elem} (curse)
Stlth   ++++......              (no amulet)
HPRegen 0.25/turn               H - +6 ring of dexterity
MPRegen 0.12/turn               (no ring)

@: no status effects
A: thin metallic scales 1, foul stench 3, spiny 1, demonic touch 2
a: Renounce Religion, Curse Item, Shatter the Chains


You were on level 11 of the Dungeon.
You worshipped Ashenzari.
Ashenzari was pleased with you.
You visited 1 branch of the dungeon, and saw 11 of its levels.
You also visited: Sewer and Ossuary.

You collected 583 gold pieces.

Inventory:

Hand Weapons
 a - a +3 vorpal longbow (weapon)
Armour
 i - a +2 cloak (worn)
 k - the cursed +0 pair of boots of Ashenzari's Suspicion (worn) {Cun, Elem}
   (You found it on level 1 of the Dungeon)

   It has a curse which improves the following skills: Cunning: Dodging and
   Stealth.
   Elements:  Fire Magic, Ice Magic, Air Magic and Earth Magic.
 B - the cursed +0 pair of gloves of the Pangnostic Shame (worn) {Fort, Bglg}
   (You found it on level 7 of the Dungeon)

   It has a curse which improves the following skills: Fortitude: Armour and
   Shields.
   Beguiling: Conjurations, Hexes and Translocations.
 D - the cursed +4 robe of Augmentation (worn) {Str+4 Int+4 Dex+4, Evo, Elem}
   (You found it on level 8 of the Dungeon)

   Str:       It affects your strength (+4).
   Int:       It affects your intelligence (+4).
   Dex:       It affects your dexterity (+4).
   It has a curse which improves the following skills: Evocations: Evocations.
   Elements:  Fire Magic, Ice Magic, Air Magic and Earth Magic.
Magical Staves
 b - a staff of cold
Jewellery
 g - a ring of magical power
 H - a +6 ring of dexterity (left hand)
Wands
 s - a wand of mindburst (20)
 t - a wand of iceblast (3)
 v - a wand of polymorph (4)
 w - a wand of digging (7)
 E - a wand of charming (7)
 G - a wand of flame (9)
Scrolls
 c - 8 scrolls of immolation
 f - a scroll of fear
 q - 6 scrolls of teleportation
 r - a scroll of poison
 x - 2 scrolls of brand weapon
 y - 3 scrolls of amnesia
 F - a scroll of fog
Potions
 d - 4 potions of invisibility
 e - 6 potions of heal wounds
 h - a potion of brilliance
 j - 2 potions of attraction
 l - 2 potions of mutation
 m - 4 potions of curing
 n - 2 potions of lignification
 o - 5 potions of ambrosia
 p - 2 potions of might
 u - 3 potions of flight
 z - 2 potions of haste
 A - a potion of magic
 C - a potion of resistance


   Skills:
 - Level 10.0 Fighting
 + Level 12.7 Bows
 - Level 8.7(10.0) Dodging
 - Level 5.0(6.2) Stealth


You had 10 spell levels left.
You didn't know any spells.
Your spell library contained the following spells:

 Spells                   Type           Power      Damage    Failure   Level
 Apportation              Tloc           0%         N/A       26%         1
 Freeze                   Ice            0%         1d3       26%         1
 Necrotize                Necr           0%         1d4       26%         1
 Summon Small Mammal      Summ           0%         N/A       26%         1
 Static Discharge         Conj/Air       0%         N/A       36%         2
 Conjure Flame            Conj/Fire      0%         6-21      58%         3
 Frozen Ramparts          Ice            0%         1d2       58%         3
 Stone Arrow              Conj/Erth      0%         3d7       58%         3
 Gell's Gravitas          Tloc           0%         N/A       61%         3
 Lesser Beckoning         Tloc           0%         N/A       61%         3
 Teleport Other           Tloc           0%         N/A       61%         3
 Tukima's Dance           Hex            0%         N/A       61%         3
 Vampiric Draining        Necr           0%         2d6       63%         3
 Hailstorm                Conj/Ice       0%         3d3       94%         4
 Animate Armour           Summ/Erth      0%         N/A       95%         4
 Ice Form                 Ice/Tmut       0%         N/A       95%         4
 Passage of Golubria      Tloc           0%         N/A       95%         4
 Summon Ice Beast         Ice/Summ       0%         N/A       95%         4
 Summon Lightning Spire   Summ/Air       0%         N/A       95%         4
 Agony                    Necr           0%         N/A       100%        5
 Alistair's Intoxication  Tmut/Pois      0%         N/A       100%        5
 Yara's Violent Unravell  Hex/Tmut       0%         3d3       100%        5
 Spellforged Servitor     Conj/Summ      0%         N/A       100%        7
 Storm Form               Tmut/Air       0%         N/A       100%        7
 Lehudib's Crystal Spear  Conj/Erth      0%         10d2      100%        8
 Maxwell's Capacitive Co  Air            0%         ∞         100%        8


Dungeon Overview and Level Annotations

Branches:
Dungeon (11/15)            Temple (0/1) D:6            Lair (0/6) D:8
    Orc (0/2) D:9           Sewer (visited)         Ossuary (visited)

Altars:
Ashenzari
Cheibriados
Dithmenos
Fedhas
Gozag
Kikubaaqudgha
Qazlal
Ru
Trog
Vehumet
Yredelemnul
The Shining One

Shops:
D:3 =

Annotations:
D:7 1 exclusion


Innate Abilities, Weirdness & Mutations

You are partially covered in thin metallic scales. (AC +2)
You frequently emit foul miasma when damaged in melee.
You are partially covered in sharp spines.
Your touch may inflict irresistible damage on your foes.


Message History

The centaur shoots an arrow.
The arrow completely misses you.
The centaur shoots an arrow.
The arrow misses you.
The centaur shoots an arrow.
The arrow hits you but does no damage.
You shoot an arrow. The arrow hits the centaur.
The centaur is severely wounded.
The centaur shoots an arrow.
The arrow closely misses you.
The centaur shoots an arrow.
The arrow closely misses you.
The centaur shoots an arrow.
The arrow barely misses you.
You shoot an arrow. The arrow hits the centaur.
The centaur is almost dead.
The centaur shoots an arrow.
The arrow hits you.
The centaur shoots an arrow.
The arrow barely misses you.
The deep elf pyromancer mumbles some strange words.
The deep elf pyromancer blinks!
The centaur shoots an arrow.
The arrow closely misses you.
You shoot an arrow. The arrow hits the centaur!!
You kill the centaur!
The centaur shoots an arrow.
The arrow closely misses you.
You shoot an arrow. The arrow hits the efreet.
The efreet is lightly wounded.
The centaur shoots an arrow.
The arrow misses you.
The centaur shoots an arrow.
The arrow misses you.
The centaur shoots an arrow.
The arrow hits you.
The deep elf pyromancer mumbles some strange words.
The centaur shoots an arrow.
The arrow barely misses you. The efreet gestures at you.
The fireball explodes!
The fireball engulfs you!
The centaur shoots an arrow.
The arrow hits you but does no damage.
The centaur shoots an arrow.
The arrow hits you! The efreet gestures at you.
The fireball explodes!
The fireball engulfs you! The efreet gestures at you.
The fireball explodes!
The fireball engulfs you!!
* * * LOW HITPOINT WARNING * * *
The centaur shoots an arrow.
The arrow barely misses you.
The centaur shoots an arrow.
The arrow completely misses you.
There is a stone staircase leading up here.
The efreet gestures at you.
The fireball explodes!
The fireball engulfs you!!
You die...

#c...........#
#..○.........#
#####.☼..........#
.................#
......○..........#
######.#########.#
* ####.○....^....#
.........○○......#
...........R....@#
.#####.....c.....#
####...........# ,
...............# *
#####..........#
#...########
#######...#####*
...............,
...............


You could see an efreet and a centaur.

Vanquished Creatures
  3 two-headed ogres
  An anaconda (shapeshifter) (D:10)
  A skeletal warrior (D:10)
  2 cyclopes
  Joseph (D:8)
  7 orange demons (D:10)
  A red devil (D:10)
  A hornet (D:10)
  5 trolls
  Prince Ribbit (D:6)
  2 wraiths (D:10)
  11 yaks
  2 wyverns
  3 steam dragons
  3 acid dragons
  2 water moccasins
  Pargi (Sewer)
  2 ice beasts (D:6)
  5 orc warriors
  A black bear (D:5)
  11 centaurs
  2 bullfrogs
  2 gnoll sergeants (D:10)
  A necrophage (D:7)
  4 wights
  3 water moccasin zombies (Ossuary)
  8 killer bees
  A howler monkey (D:10)
  4 orc priests
  2 hounds
  4 jellies
  An iguana (D:6)
  Natasha (thrice) (D:1)
  4 orc wizards
  2 mummies (Ossuary)
  A river rat (D:4)
  11 adders
  2 shadow imps (D:5)
  4 white imps
  An ufetubus (D:7)
  7 adder zombies (Ossuary)
  4 worms
  9 dart slugs
  38 orcs
  5 ball pythons
  10 endoplasms
  8 giant cockroaches
  4 gnoll zombies (Ossuary)
  7 goblins
  7 hobgoblins
  2 quokkas (D:2)
  5 bats
  3 frilled lizards
  5 hobgoblin zombies (Ossuary)
  7 kobolds
  6 kobold zombies (Ossuary)
  3 orc zombies (Ossuary)
  13 rats
269 creatures vanquished.

Vanquished Creatures (others)
  A vampire mosquito (D:10)
1 creature vanquished.

Grand Total: 270 creatures vanquished

Notes
Turn   | Place    | Note
-------+----------+-------------------------------------------
     0 | D:1      | quokkamancerX the Demonspawn Hunter began the quest for the
                  | Orb.
     0 | D:1      | Reached XP level 1. HP: 16/16 MP: 1/1
    69 | D:1      | Reached skill level 1 in Stealth
   320 | D:1      | Gained mutation: You may rarely emit foul miasma when
                  | damaged in melee. [demonic ancestry]
   320 | D:1      | Reached XP level 2. HP: 22/22 MP: 2/2
   699 | D:1      | Reached skill level 4 in Bows
   797 | D:2      | Found a faded altar of an unknown god.
   818 | D:2      | Noticed Natasha
   825 | D:2      | Noticed a crimson imp
   830 | D:1      | Killed Natasha
   831 | D:1      | Gained mutation: Your touch may inflict minor irresistible
                  | damage on your foes. [demonic ancestry]
   831 | D:1      | Reached XP level 3. HP: 25/27 MP: 3/3
   915 | D:1      | Noticed Natasha
   918 | D:1      | Killed Natasha
   919 | D:1      | Gained mutation: You sometimes emit foul miasma when
                  | damaged in melee. [demonic ancestry]
   919 | D:1      | Reached XP level 4. HP: 33/33 MP: 4/4
  1037 | D:1      | Noticed Natasha
  1047 | D:1      | Killed Natasha
  1596 | D:2      | Gained mutation: You are partially covered in sharp spines.
                  | [demonic ancestry]
  1596 | D:2      | Reached XP level 5. HP: 38/38 MP: 5/5
  1842 | D:3      | Found Detuy's Jewellery Shop.
  2160 | D:3      | Reached skill level 5 in Bows
  2607 | D:4      | Found a shadowy altar of Dithmenos.
  2608 | D:4      | Found an ancient bone altar of Kikubaaqudgha.
  2735 | D:4      | Found a glowing drain.
  2746 | Sewer    | Entered a sewer
  2827 | Sewer    | Noticed Pargi
  2832 | Sewer    | Killed Pargi
  2833 | Sewer    | Gained mutation: You are partially covered in thin metallic
                  | scales. (AC +2) [demonic ancestry]
  2833 | Sewer    | Reached XP level 6. HP: 25/44 MP: 6/6
  3657 | D:5      | Entered Level 5 of the Dungeon
  3706 | D:5      | Reached skill level 5 in Stealth
  3812 | D:5      | Reached skill level 6 in Bows
  3826 | D:5      | Noticed a moth of wrath
  3847 | D:5      | Found a broken altar of Ashenzari.
  3953 | D:5      | Reached XP level 7. HP: 28/50 MP: 7/7
  4179 | D:5      | Found a sand-covered staircase.
  4186 | Ossuary  | Entered an ossuary
  4372 | Ossuary  | Reached skill level 7 in Bows
  4861 | D:5      | Became a worshipper of Ashenzari the Shackled
  5010 | D:5      | Found a bloodstained altar of Trog.
  5334 | D:6      | Reached skill level 8 in Bows
  5334 | D:6      | Gained mutation: You frequently emit foul miasma when
                  | damaged in melee. [demonic ancestry]
  5334 | D:6      | Reached XP level 8. HP: 25/56 MP: 8/8
  5598 | D:6      | Got the Reference Book on the Snowflakes and Combat Magic
  5649 | D:6      | Found a radiant altar of Vehumet.
  5658 | D:6      | Found a sacrificial altar of Ru.
  5661 | D:6      | Found a basalt altar of Yredelemnul.
  5661 | D:6      | Found a blossoming altar of Fedhas.
  5669 | D:6      | Found an opulent altar of Gozag.
  5749 | D:6      | Found a staircase to the Ecumenical Temple.
  5763 | D:6      | Noticed Prince Ribbit
  5778 | D:6      | Killed Prince Ribbit
  5779 | D:6      | Reached skill level 9 in Bows
  7174 | D:8      | Found the +4 robe of Augmentation {Str+4 Int+4 Dex+4}
  7175 | D:8      | Noticed a two-headed ogre
  7183 | D:8      | Killed a two-headed ogre
  7184 | D:8      | Reached skill level 10 in Bows
  7184 | D:8      | Gained mutation: Your touch may inflict irresistible damage
                  | on your foes. [demonic ancestry]
  7184 | D:8      | Reached XP level 9. HP: 28/61 MP: 9/9
  7660 | D:8      | Reached skill level 11 in Bows
  7743 | D:8      | Found a staircase to the Lair.
  7967 | D:7      | Reached * piety under Ashenzari
  8117 | D:8      | Noticed Joseph
  8139 | D:8      | Killed Joseph
  8719 | D:9      | Reached skill level 5 in Fighting
  9361 | D:9      | Identified the +7 flail of the Sage {protect, rC+++}
  9589 | D:9      | Found a stormy altar of Qazlal.
  9598 | D:9      | Reached ** piety under Ashenzari
  9769 | D:9      | Found a staircase to the Orcish Mines.
  9828 | D:9      | Reached XP level 10. HP: 79/79 MP: 10/10
 10428 | D:10     | Entered Level 10 of the Dungeon
 10463 | D:10     | Noticed an orange demon
 10463 | D:10     | Noticed an orange demon
 10463 | D:10     | Noticed an orange demon
 10531 | D:10     | Noticed an orange demon
 10531 | D:10     | Noticed an orange demon
 10531 | D:10     | Noticed an orange demon
 10531 | D:10     | Noticed an orange demon
 10633 | D:10     | Killed an orange demon
 10676 | D:10     | Killed an orange demon
 10969 | D:10     | Killed an orange demon
 11095 | D:10     | Killed an orange demon
 11097 | D:10     | Reached skill level 10 in Fighting
 11396 | D:10     | Reached skill level 5 in Dodging
 11651 | D:10     | Killed an orange demon
 11652 | D:10     | Reached XP level 11. HP: 90/90 MP: 11/11
 11688 | D:10     | Noticed an anaconda
 11695 | D:10     | Killed an anaconda
 12084 | D:10     | Noticed a skeletal warrior
 12091 | D:10     | Killed a skeletal warrior
 12286 | D:10     | Noticed a two-headed ogre
 12288 | D:10     | Killed a two-headed ogre
 12408 | D:10     | Found a snail-covered altar of Cheibriados.
 12546 | D:10     | Reached skill level 12 in Bows
 12647 | D:11     | Noticed a two-headed ogre
 12668 | D:11     | Killed a two-headed ogre
 12783 | D:11     | Noticed a deep elf pyromancer
 12805 | D:11     | Killed from afar by an efreet

Illustrated notes

Levels and vault maps discovered:
D:1:      lemuel_arrival_rhombus, layout_basic, minmay_misc_feat_cross
D:2:      minmay_kobold_bridge, layout_rooms, basic_ecumenical_altar,
          basic_altar, corexii_shack, minmay_indecisive_spiral, uniq_natasha
D:3:      layout_basic, serial_shops, nicolae_shop_hallway_stairs
D:4:      layout_loops_ring, minitemple, portal_sewer_entry_e
D:5:      layout_basic, tgw_trog, mainiacjoe_overflow_concentric_impassable,
          enter_ossuary_1
D:6:      layout_basic, nicolae_overflow_hallway_of_the_gods,
          minmay_temple_entry_antechambers, uniq_prince_ribbit1
D:7:      layout_rooms, beargit_hepliaklqana_dungeon_heroes
D:8:      layout_loops_ring, lair_entry_dummy, uniq_joseph
D:9:      layout_basic, nicolae_qazlal_style_of_elements, hiddenorc2_lemuel
D:10:     cheibrodos_ideogram_h, layout_basic, slow_altar_2,
          minmay_beelzebubs_servants
D:11:     layout_long_grid, serial_shops, nicolae_shop_window_shopping,
          dreamdust_princess_corridor

Skill      XL: |  1  2  3  4  5  6  7  8  9 10 11 |
---------------+----------------------------------+-----
Stealth        | 1 2 3 4 5 |  5.0
Bows           | 4 5 6 8 10 11 12 | 12.7
Fighting       | 7 10 | 10.0
Dodging        | 6 8 |  8.7

Action                   |  1- 3 |  4- 6 |  7- 9 | 10-12 || total
-------------------------+-------+-------+-------+-------++-------
 Fire: Shortbow          |    51 |   197 |   340 |    21 ||   609
       Longbow           |       |       |       |   232 ||   232
Invok: Curse Item        |       |       |     3 |       ||     3
Evoke: Wand              |       |       |     9 |       ||     9
  Use: Scroll            |     1 |     4 |     9 |     6 ||    20
       Potion            |       |     1 |     2 |       ||     3
Armor: Leather armour    |     8 |    19 |    24 |       ||    51
       Robe              |       |       |    21 |    25 ||    46
Dodge: Dodged            |    16 |    47 |   106 |   111 ||   280

Table legend: (Time is in decaauts)
 A = Elapsed time spent in this place.
 B = Non-inter-level travel time spent in this place.
 C = Inter-level travel time spent in this place.
 D = Time resting spent in this place.
 E = Time spent auto-exploring this place.
 F = Levels seen in this place.
 G = Mean time per level.
                   A        B        C        D        E       F      G
               +--------+--------+--------+--------+--------+-----+--------+
         Total |  12986 |  12380 |    606 |   3793 |   4745 |  13 |  998.9 |
       Dungeon |  12217 |  11611 |    606 |   3456 |   4745 |  11 | 1110.6 |
         Sewer |    259 |    259 |      0 |    134 |      0 |   1 |  259.0 |
       Ossuary |    508 |    508 |      0 |    203 |      0 |   1 |  508.0 |
               +--------+--------+--------+--------+--------+-----+--------+

Top non-repeatable levels by time:
     D:9: 2039 daAuts
    D:10: 1684 daAuts
     D:8: 1599 daAuts
     D:1: 1247 daAuts
     D:5: 1155 daAuts
     D:7: 1055 daAuts
     D:6: 998 daAuts
     D:4: 921 daAuts
     D:3: 689 daAuts
     D:2: 640 daAuts
 Ossuary: 508 daAuts
   Sewer: 259 daAuts
    D:11: 185 daAuts
